AoeStats
← [La14]Uvita

Arabian Desert

509244025Analyzed
1v1 RM · 7d ago on Sep 26, 2026· 47m 39s· 2 players
Game mode
Random Map
Map size
Tiny (2 player)
Population
200
Speed
Normal
Resources
Standard
Victory
Conquest
Starting age
Dark Age
Ending age
Imperial Age
RankedLock teamsTeams togetherTeam positionsShared explorationLock speedFull tech treeHidden civsTurbo modeCheats
Victory
Defeat
🇦🇷 Magyars · Argentina
905
+18
🇺🇸 Tatars · United States
947
-18
[La14]Uvita
6:09 Loom
9:29 Feudal Age
10:04 Double-Bit Axe
10:01 Horse Collar
17:34 Fletching
20:09 Castle Age
18:04 Gold Mining
20:26 Wheelbarrow
20:41 Pikeman
21:39 Scale Barding Armor
23:19 Elite Skirmisher
24:50 Padded Archer Armor
25:28 Bloodlines
26:13 Thumb Ring
27:58 Bodkin Arrow
28:38 Stone Mining
29:01 Husbandry
29:20 Heavy Plow
30:53 Town Watch
36:57 Gold Shaft Mining
38:39 Scale Mail Armor
39:41 Corvinian Army
41:16 Leather Archer Armor
44:23 Imperial Age
43:33 Chain Barding Armor
44:50 Cavalier
45:56 Ballistics
46:07 Bracer
46:54 Conscription
47:23 Plate Barding Armor
Black_Phosphorus
6:07 Loom
11:15 Feudal Age
25:04 Castle Age
23:44 Fletching
29:30 Double-Bit Axe
32:41 Wheelbarrow
32:21 Husbandry
35:00 Ballistics
34:19 Pikeman
43:46 Imperial Age
41:55 Bow Saw
42:01 Bodkin Arrow
44:08 Hand Cart
43:42 Town Watch
Connection lost

Rejoining the realm…

Still unreachable

The connection could not be restored.

Session expired

The server has moved on; the page needs a fresh start.